 Dungeon Crawl Stone Soup version 0.29.1-14-g9c671dbff4 (webtiles) character file.

Game seed: 8050176601356330990

50721 LustLizard the Covert (level 14, 0/109 HPs)
             Began as a Gnoll Wanderer on Feb 16, 2023.
             Was a High Priest of Sif Muna.
             Slain by an orc knight
             ... wielding a +2 bardiche
              (21 damage)
             ... on level 2 of the Orcish Mines.
             The game lasted 01:04:54 (30306 turns).

LustLizard the Covert (Gnoll Wanderer)             Turns: 30306, Time: 01:04:54

Health: 0/109      AC: 11    Str: 10    XL:     14   Next: 56%
Magic:  2/37       EV: 16    Int: 22    God:    Sif Muna [*****.]
Gold:   1552       SH:  0    Dex: 14    Spells: 3/33 levels left

rFire   . . .      SeeInvis .   B - staff of earth
rCold   + . .      Faith    .   (no shield)
rNeg    . . .      Spirit   .   J - +0 steam dragon scales
rPois   .          Reflect  .   I - +0 helmet
rElec   .          Harm     .   s - +0 cloak "Coufig" {rC+}
rCorr   .          Rampage  .   (no gloves)
Will    +....                   a - +0 pair of boots
Stlth   +++++.....              (no amulet)
HPRegen 0.28/turn               W - ring of magical power
MPRegen 0.25/turn               U - +6 ring of intelligence

@: hasted, very quick
A: fangs 1, strong nose, distributed training
a: Renounce Religion, Channel Magic, Forget Spell, Divine Exegesis


You were on level 2 of the Orcish Mines.
You worshipped Sif Muna.
Sif Muna was extremely pleased with you.
You visited 4 branches of the dungeon, and saw 19 of its levels.
You also visited: Ossuary.

You collected 1552 gold pieces.

Inventory:

Missiles
 o - 43 poisoned darts
 K - a throwing net
 N - 11 curare-tipped darts
Armour
 a - a +0 pair of boots (worn)
 s - the +0 cloak "Coufig" (worn) {rC+}
   (You found it on level 7 of the Dungeon)

   rC:        It protects you from cold.
 H - a +2 robe of cold resistance
 I - a +0 helmet (worn)
 J - +0 steam dragon scales (worn)
Magical Staves
 B - a staff of earth (weapon)
Jewellery
 e - a ring of see invisible
 u - a ring of resist corrosion
 R - a ring of protection from fire
 U - a +6 ring of intelligence (right hand)
 W - a ring of magical power (left hand)
 X - a +6 ring of strength
Wands
 d - a wand of digging (15)
 n - a wand of iceblast (14)
 q - a wand of flame (33)
 x - a wand of polymorph (5)
 A - a wand of quicksilver (12)
 G - a wand of mindburst (17)
 L - a wand of charming (3)
Scrolls
 b - 4 scrolls of teleportation
 c - a scroll of acquirement {unknown}
 g - 4 scrolls of poison
 m - a scroll of silence {unknown}
 p - 4 scrolls of immolation
 r - 3 scrolls of summoning {unknown}
 t - 3 scrolls of magic mapping
 w - a scroll of brand weapon {unknown}
 y - 4 scrolls of fog {unknown}
 z - 5 scrolls of vulnerability
 D - 2 scrolls of enchant armour
 E - 3 scrolls of enchant weapon
 M - a scroll of torment {unknown}
 O - a scroll of amnesia
 Q - 2 scrolls of blinking {unknown}
Potions
 f - a potion of heal wounds
 h - 6 potions of lignification
 j - a potion of mutation
 k - 3 potions of curing
 l - 7 potions of flight
 v - 3 potions of magic
 F - a potion of cancellation
 P - 2 potions of might
 S - a potion of attraction
 V - a potion of brilliance
 Y - a potion of invisibility
 Z - a potion of resistance
Miscellaneous
 C - a condenser vane


   Skills:
 + Level 9.7 Fighting
 + Level 9.7 Short Blades
 + Level 9.7 Long Blades
 + Level 9.7 Axes
 + Level 9.7 Maces & Flails
 + Level 9.7 Polearms
 + Level 9.7 Staves
 + Level 9.7 Ranged Weapons
 + Level 9.7 Throwing
 + Level 10.0 Armour
 + Level 9.7 Dodging
 + Level 11.3 Stealth
 + Level 9.7 Shields
 + Level 9.7 Unarmed Combat
 + Level 10.1 Spellcasting
 + Level 8.1 Conjurations
 + Level 8.1 Hexes
 + Level 8.1 Summonings
 + Level 8.1 Necromancy
 + Level 8.1 Translocations
 + Level 8.1 Transmutations
 + Level 9.0 Fire Magic
 + Level 8.1 Ice Magic
 + Level 8.1 Air Magic
 + Level 9.0 Earth Magic
 + Level 8.1 Poison Magic
 + Level 10.5 Invocations
 + Level 10.0 Evocations


You had 3 spell levels left.
You knew the following spells:

 Your Spells              Type           Power      Damage    Failure   Level
a - Foxfire               Conj/Fire      100%       2x1d9     1%          1
b - Sandblast             Erth           100%       2d20      1%          1
c - Stone Arrow           Conj/Erth      100%       3d13      1%          3
d - Ignite Poison         Fire/Tmut/Pois 48%        N/A       1%          3
e - Summon Lightning Spi  Summ/Air       46%        N/A       2%          4
f - Airstrike             Air            23%        2d(4-20)  2%          4
g - Animate Dead          Necr           46%        N/A       2%          4
h - Lightning Bolt        Conj/Air       23%        1d38      6%          5
i - Summon Forest         Summ/Tloc      23%        N/A       6%          5

Your spell library contained the following spells:

 Spells                   Type           Power      Damage    Failure   Level
 Apportation              Tloc           92%        N/A       1%          1
 Passwall                 Tmut/Erth      54%        N/A       1%          2
 Wereblood                Tmut           46%        N/A       1%          2
 Gell's Gravitas          Tloc           46%        N/A       1%          3
 Portal Projectile        Hex/Tloc       92%        N/A       1%          3
 Teleport Other           Tloc           46%        N/A       1%          3
 Iskenderun's Mystic Bla  Conj/Tloc      46%        2d10      2%          4
 Borgnjor's Vile Clutch   Necr/Erth      32%        N/A       4%          5
 Summon Mana Viper        Hex/Summ       46%        N/A       6%          5
 Death Channel            Necr           23%        N/A       32%         6
 Summon Cactus Giant      Summ           23%        N/A       32%         6
 Malign Gateway           Summ/Tloc      23%        N/A       88%         7


Dungeon Overview and Level Annotations

Branches:
Dungeon (12/15)            Temple (1/1) D:4            Lair (4/5) D:11
 Shoals (0/4) Lair:2        Snake (0/4) Lair:3        Slime (0/5) Lair:4
    Orc (2/2) D:10            Elf (0/3) Orc:2       Ossuary (visited)

Altars:
Ashenzari
Cheibriados
Dithmenos
Elyvilon
Fedhas
Gozag
Hepliaklqana
Kikubaaqudgha
Makhleb
Nemelex Xobeh
Okawaru
Qazlal
Ru
Sif Muna
Trog
Uskayaw
Vehumet
Wu Jian
Xom
Yredelemnul
Zin
The Shining One
Jiyva

Shops:
D:8 =   D:10 [   Orc:2 [(=(

Annotations:
D:6 3 runed translucent doors


Innate Abilities, Weirdness & Mutations

You have very sharp teeth.
Your uncanny sense of smell can sniff out nearby items.
Your experience applies equally to all skills.


Message History

Your dryad calls out to the forest.
Vines fly forth from the trees!
The orc knight misses you.
Your dryad closely misses the orc knight.
The orc knight hits you from afar with a +2 bardiche!!
Your snaplasher vine grabs the orc knight.
Your snaplasher vine hits the orc knight.
Your snaplasher vine constricts the orc knight.
Your dryad hits the orc knight.
Your snaplasher vine hits the orc knight but does no damage.
Your snaplasher vine constricts the orc knight.
The orc knight barely misses you.
Your snaplasher vine hits the orc knight.
Your snaplasher vine constricts the orc knight.
Your dryad hits the orc knight.
The orc knight hits your snaplasher vine with a +2 bardiche!
Your snaplasher vine falls limply to the ground.
Your snaplasher vine hits the orc knight but does no damage.
Your snaplasher vine hits the orc knight!
Your snaplasher vine constricts the orc knight.
Your dryad hits the orc knight but does no damage.
The orc knight hits your dryad with a +2 bardiche!
Your snaplasher vine hits the orc knight!
Your snaplasher vine constricts the orc knight.
Your snaplasher vine hits the orc knight.
Space becomes stable.
Your dryad disappears in a puff of smoke!
Your snaplasher vine loses its grip on the orc knight.
The vines fall limply to the ground.
The orc knight hits you from afar with a +2 bardiche!!
* * * LOW HITPOINT WARNING * * *
Unknown command.
Aiming: Stone Arrow (safe; 1% risk of failure)
Press: ? - help, Q - select action, (/) - cycle Shift-Dir - straight line, f/p - orc knight
Aim: an orc knight, wielding a +2 bardiche and wearing a +0 chain mail (almost dead, 75% to hit)
You feel a surge of power!
The stone arrow misses the orc knight.
The orc knight misses you.
Okay, then.
You feel yourself speed up.
The orc knight hits you from afar with a +2 bardiche!!
You die...

####Z.....[[##...#
................##
Z#####....[<....#
.#.####........##
....##.....#..###
.#..............##
.#..#.##'##......##
#...#.#.).#.......#
##.##.#._.#.....@##
#...#.#...#.......#
##....#####...o...#
.#...............##
.................##
.)................#
)..[..<...........#
#............)...##
#............)....♣


You could see an orc knight.

Vanquished Creatures
  Nessos (Orc:2)
  Harold (D:9)
  3 hydras
  5 two-headed ogres
  A catoblepas (Lair:2)
  2 orc high priests (Orc:2)
  Nergalle (Lair:2)
  An orc knight (Orc:2)
  An ugly thing (D:10)
  A manticore (D:12)
  9 elephants
  2 oklob plants (D:11)
  A molten gargoyle (Lair:4)
  A gargoyle (D:12)
  2 black mambas
  An unseen horror (D:10)
  4 cane toads
  8 komodo dragons
  2 kobold demonologists
  The ghost of KittyFluff the Cudgeller, a novice GrBe of Trog (D:5)
  A tengu conjurer (D:12)
  The ghost of sweetbreads the Geomancer, a novice GrEE (D:4)
  4 trolls
  A hornet (D:9)
  4 slime creatures (D:12)
  11 blink frogs
  Sigmund (D:2)
  3 wraiths
  3 wyverns
  27 yaks
  2 basilisks
  8 fire bats
  2 vampire mosquitoes (D:12)
  2 steam dragons
  5 nagas (Lair:3)
  7 water moccasins
  4 acid dragons
  A hell hound (D:10)
  21 orc warriors
  2 sky beasts
  An ice beast (D:8)
  3 black bears
  7 centaurs
  3 wolves (Lair:2)
  7 ogres
  4 kobold brigands
  2 phantoms
  16 bullfrogs
  A necrophage (D:4)
  2 scorpions
  10 wights
  2 killer bees (D:9)
  7 howler monkeys
  3 electric eels
  5 lava snakes
  2 hounds
  7 jellies
  8 orc priests
  2 gnoll boudas (D:5)
  An iguana (D:6)
  Jessica (D:3)
  Ijyb (D:3)
  Natasha (thrice) (D:3)
  19 orc wizards
  A mummy (D:7)
  14 gnolls
  14 adders
  2 shadow imps
  6 worms
  2 dart slugs
  54 orcs
  7 endoplasms
  5 giant cockroaches
  8 goblins
  4 hobgoblins
  4 jackals (D:1)
  25 kobolds
  4 quokkas
  7 ball pythons
  4 bats (D:1)
  A frilled lizard (D:3)
  A goblin zombie (D:7)
  A hobgoblin zombie (Ossuary)
  2 kobold zombies (Ossuary)
  An orc skeleton (Ossuary)
  3 orc zombies
  8 rats
  3 fire vortices (D:10)
456 creatures vanquished.

Vanquished Creatures (collateral kills)
  An orc warlord (Orc:2)
  2 hydras
  A two-headed ogre (D:6)
  The ghost of javelincjr the Magician, a novice DjCj of Hepliaklqana (D:6)
  An orc knight (Orc:2)
  An orc sorcerer (Orc:2)
  3 elephants (Lair:2)
  A cane toad (Lair:1)
  4 blink frogs (Lair:1)
  10 yaks
  3 basilisks
  A steam dragon (Lair:1)
  6 wargs
  10 orc warriors
  2 ogres
  A wolf (Lair:2)
  A centaur (D:11)
  A gnoll sergeant (Orc:2)
  2 wights (D:8)
  2 killer bees (D:9)
  9 orc priests
  11 orc wizards
  4 gnolls (Orc:2)
  30 orcs
108 creatures vanquished.

Vanquished Creatures (others)
  An elephant zombie (Lair:2)
  A blink frog zombie (Lair:1)
  A water moccasin zombie (Lair:1)
  4 warg zombies
  5 yak zombies (Lair:1)
  3 wolf zombies (Lair:2)
  A centaur zombie (D:11)
  34 orc zombies
  7 gnoll zombies (Orc:2)
  696 foxfires
  23 fungi
  38 plants
  2 snaplasher vines (Orc:2)
  2 withered plants (D:5)
818 creatures vanquished.

Grand Total: 1382 creatures vanquished

Notes
Turn   | Place    | Note
-------+----------+-------------------------------------------
     0 | D:1      | LustLizard the Gnoll Wanderer began the quest for the Orb.
     0 | D:1      | LustLizard set off with the following items: a +0 dagger, a
                  | scroll of teleportation, a +0 robe, a +0 cloak; and the
                  | following spells available to memorise: Sandblast, Foxfire,
                  | Passwall, Stone Arrow, Ignite Poison.
     0 | D:1      | Reached XP level 1. HP: 13/13 MP: 4/4
     2 | D:1      | Learned a level 1 spell: Foxfire
     4 | D:1      | Learned a level 1 spell: Sandblast
   122 | D:1      | Reached XP level 2. HP: 13/20 MP: 0/5
   472 | D:1      | Reached XP level 3. HP: 23/25 MP: 0/7
   705 | D:1      | Reached skill level 6 in Stealth
   847 | D:1      | Reached skill level 1 in Invocations
  1610 | D:2      | Reached skill level 1 in Fighting
  1610 | D:2      | Reached skill level 1 in Short Blades
  1610 | D:2      | Reached skill level 1 in Long Blades
  1610 | D:2      | Reached skill level 1 in Axes
  1610 | D:2      | Reached skill level 1 in Maces & Flails
  1610 | D:2      | Reached skill level 1 in Polearms
  1610 | D:2      | Reached skill level 1 in Staves
  1610 | D:2      | Reached skill level 1 in Ranged Weapons
  1610 | D:2      | Reached skill level 1 in Throwing
  1610 | D:2      | Reached skill level 1 in Dodging
  1610 | D:2      | Reached skill level 1 in Shields
  1610 | D:2      | Reached skill level 1 in Unarmed Combat
  1724 | D:2      | Reached XP level 4. HP: 32/32 MP: 3/8
  1806 | D:2      | Noticed Sigmund
  2172 | D:2      | Found an opulent altar of Gozag.
  2308 | D:2      | Reached skill level 1 in Conjurations
  2308 | D:2      | Reached skill level 1 in Hexes
  2308 | D:2      | Reached skill level 1 in Summonings
  2308 | D:2      | Reached skill level 1 in Necromancy
  2308 | D:2      | Reached skill level 1 in Translocations
  2308 | D:2      | Reached skill level 1 in Transmutations
  2308 | D:2      | Reached skill level 1 in Ice Magic
  2308 | D:2      | Reached skill level 1 in Air Magic
  2308 | D:2      | Reached skill level 1 in Poison Magic
  2673 | D:3      | Noticed Natasha
  2680 | D:3      | Killed Natasha
  2749 | D:3      | Noticed Natasha
  2756 | D:3      | Killed Natasha
  2757 | D:3      | Reached XP level 5. HP: 27/37 MP: 2/9
  2830 | D:3      | Noticed Natasha
  2835 | D:3      | Killed Natasha
  3149 | D:3      | Noticed Jessica
  3157 | D:3      | Killed Jessica
  3413 | D:3      | Reached XP level 6. HP: 43/44 MP: 1/11
  3835 | D:3      | Noticed Ijyb
  3896 | D:3      | Killed Ijyb
  4418 | D:2      | Killed Sigmund
  4419 | D:2      | Reached XP level 7. HP: 38/51 MP: 4/12
  4898 | D:4      | Learned a level 3 spell: Stone Arrow
  4902 | D:4      | Learned a level 3 spell: Ignite Poison
  5122 | D:4      | Noticed sweetbreads's ghost (novice GrEE)
  5123 | D:4      | Found a runed translucent gate.
  5123 | D:4      | Found a runed translucent gate.
  5144 | D:4      | Found a runed translucent gate.
  5331 | D:4      | Found a staircase to the Ecumenical Temple.
  5342 | Temple   | Entered the Ecumenical Temple
  5424 | Temple   | Became a worshipper of Sif Muna the Loreminder
  5459 | D:4      | Reached XP level 8. HP: 38/58 MP: 6/14
  5815 | D:5      | Entered Level 5 of the Dungeon
  6161 | D:5      | Noticed KittyFluff's ghost (novice GrBe)
  6161 | D:5      | Found a runed translucent door.
  6461 | D:5      | Reached * piety under Sif Muna
  6895 | D:5      | Reached skill level 7 in Stealth
  7236 | D:6      | Found a large runed translucent door.
  7236 | D:6      | Found a large runed translucent door.
  7511 | D:6      | Found a large runed translucent door.
  7511 | D:6      | Found a large runed translucent door.
  7515 | D:6      | Noticed a two-headed ogre
  7515 | D:6      | Noticed a four-headed hydra
  7666 | D:6      | Reached skill level 5 in Fire Magic
  7666 | D:6      | Reached skill level 5 in Earth Magic
  7845 | D:6      | Found a runed translucent door.
  7848 | D:6      | Noticed javelincjr's ghost (novice DjCj)
  7882 | D:6      | Found a runed translucent door.
  7932 | D:6      | Reached XP level 9. HP: 65/65 MP: 6/16
  8024 | D:6      | Reached skill level 5 in Spellcasting
  8402 | D:6      | Reached skill level 5 in Armour
  8402 | D:6      | Reached skill level 5 in Evocations
  8703 | D:6      | Found a stormy altar of Qazlal.
  8707 | D:6      | Found a radiant altar of Vehumet.
  8712 | D:6      | Found an ancient bone altar of Kikubaaqudgha.
  9291 | D:7      | Found a shadowy altar of Dithmenos.
  9392 | D:7      | Reached skill level 5 in Invocations
  9587 | D:7      | Found a sand-covered staircase.
  9593 | Ossuary  | Entered an ossuary
 10543 | D:7      | Found an opulent altar of Gozag.
 10550 | D:7      | Reached ** piety under Sif Muna
 10551 | D:7      | Reached skill level 5 in Fighting
 10551 | D:7      | Reached skill level 5 in Short Blades
 10551 | D:7      | Reached skill level 5 in Long Blades
 10551 | D:7      | Reached skill level 5 in Axes
 10551 | D:7      | Reached skill level 5 in Maces & Flails
 10551 | D:7      | Reached skill level 5 in Polearms
 10551 | D:7      | Reached skill level 5 in Staves
 10551 | D:7      | Reached skill level 5 in Ranged Weapons
 10551 | D:7      | Reached skill level 5 in Throwing
 10551 | D:7      | Reached skill level 5 in Dodging
 10551 | D:7      | Reached skill level 5 in Shields
 10551 | D:7      | Reached skill level 5 in Unarmed Combat
 10551 | D:7      | Reached XP level 10. HP: 64/74 MP: 8/18
 10555 | D:7      | Identified the +0 cloak "Coufig" {rC+}
 10620 | D:7      | Found a hide-covered altar of Uskayaw.
 10877 | D:7      | Reached skill level 8 in Stealth
 11085 | D:7      | Learned a level 4 spell: Summon Lightning Spire
 11090 | D:7      | Learned a level 4 spell: Airstrike
 11126 | D:7      | Found a bloodstained altar of Trog.
 11547 | D:8      | Found Mihy Cih's Jewellery Shoppe.
 12655 | D:4      | Killed sweetbreads's ghost
 12927 | D:5      | Killed KittyFluff's ghost
 13085 | D:6      | Killed javelincjr's ghost
 13299 | D:9      | Noticed Harold
 13713 | D:9      | Reached *** piety under Sif Muna
 14118 | D:9      | Reached skill level 5 in Conjurations
 14118 | D:9      | Reached skill level 5 in Hexes
 14118 | D:9      | Reached skill level 5 in Summonings
 14118 | D:9      | Reached skill level 5 in Necromancy
 14118 | D:9      | Reached skill level 5 in Translocations
 14118 | D:9      | Reached skill level 5 in Transmutations
 14118 | D:9      | Reached skill level 5 in Ice Magic
 14118 | D:9      | Reached skill level 5 in Air Magic
 14118 | D:9      | Reached skill level 5 in Poison Magic
 14118 | D:9      | Reached XP level 11. HP: 50/81 MP: 8/21
 14777 | D:9      | Killed Harold
 15286 | D:9      | Learned a level 4 spell: Animate Dead
 15367 | D:10     | Entered Level 10 of the Dungeon
 15642 | D:10     | Found a hazy altar of Hepliaklqana.
 15839 | D:10     | Noticed a two-headed ogre
 15936 | D:10     | Killed a two-headed ogre
 16035 | D:10     | Found a staircase to the Orcish Mines.
 16037 | D:10     | Found Wogarghe's Armour Emporium.
 16190 | D:10     | Noticed a green ugly thing
 16196 | D:10     | Killed a green ugly thing
 16197 | D:10     | Reached skill level 9 in Stealth
 16854 | D:10     | Reached **** piety under Sif Muna
 17426 | D:11     | Noticed an oklob plant
 17461 | D:11     | Noticed a two-headed ogre
 17469 | D:11     | Killed a two-headed ogre
 18351 | D:11     | Noticed an oklob plant
 18365 | D:11     | Found a staircase to the Lair.
 18368 | D:11     | Killed an oklob plant
 18369 | D:11     | Reached XP level 12. HP: 91/91 MP: 13/23
 19119 | D:12     | Noticed a two-headed ogre
 19123 | D:12     | Noticed a two-headed ogre
 19124 | D:12     | Killed a two-headed ogre
 19129 | D:12     | Killed a two-headed ogre
 20406 | D:12     | Noticed a two-headed ogre
 20413 | D:12     | Killed a two-headed ogre
 20567 | Lair:1   | Entered Level 1 of the Lair of Beasts
 20837 | Lair:1   | Reached skill level 10 in Stealth
 21012 | Lair:1   | Noticed a six-headed hydra
 21018 | Lair:1   | Killed a six-headed hydra
 21249 | Lair:1   | Reached XP level 13. HP: 81/98 MP: 9/25
 21668 | Lair:1   | Learned a level 5 spell: Lightning Bolt
 22857 | Lair:2   | Noticed Nergalle
 22881 | Lair:2   | Killed Nergalle
 23859 | Lair:2   | You fall into a shaft and drop 1 floor!
 25001 | Lair:3   | Reached ***** piety under Sif Muna
 25136 | Lair:3   | Found a staircase to the Snake Pit.
 25976 | Lair:2   | Found a staircase to the Shoals.
 26202 | Lair:4   | Reached XP level 14. HP: 108/108 MP: 1/27
 26216 | Lair:4   | Reached skill level 10 in Invocations
 26504 | Lair:4   | Reached skill level 11 in Stealth
 26825 | Lair:4   | Found a staircase to the Slime Pits.
 26826 | Lair:4   | Found a viscous altar of Jiyva.
 27741 | D:6      | Learned a level 5 spell: Summon Forest
 27872 | Orc:1    | Entered Level 1 of the Orcish Mines
 28113 | Orc:2    | Entered Level 2 of the Orcish Mines
 28120 | Orc:2    | Found Kupaisir's Jewellery Shop.
 28170 | Orc:2    | Received a gift from Sif Muna
 28185 | Orc:2    | Got Hypnawn's Grimoire of Warped Sculpting {god gift}
 28466 | Orc:2    | Found a staircase to the Elven Halls.
 28557 | Orc:2    | Found Irphixki's Weapon Shoppe.
 28722 | Orc:2    | Found Anukoh's Weapon Shoppe.
 29240 | Orc:2    | Noticed Nessos
 29256 | Orc:2    | Killed Nessos
 29549 | Orc:2    | Reached skill level 10 in Spellcasting
 29563 | Orc:2    | Noticed an orc warlord
 29566 | Orc:2    | Received a gift from Sif Muna
 29569 | Orc:2    | Got Sif Muna's Commentary on the Voyage {god gift}
 29578 | Orc:2    | Killed an orc warlord
 29579 | Orc:2    | Reached skill level 10 in Armour
 29579 | Orc:2    | Reached skill level 10 in Evocations
 29731 | Orc:2    | Found Furih's Antique Weapon Emporium.
 29733 | Orc:2    | Found Ruomotuo's Antique Armour Shoppe.
 30041 | Orc:2    | Found a runed translucent door.
 30306 | Orc:2    | Slain by an orc knight

Illustrated notes

Levels and vault maps discovered:
D:1:      eino_arrival_cavern_d, layout_loops_cross
D:2:      wander_river, layout_basic, basic_altar, uniq_sigmund
D:3:      layout_basic, minmay_snake_closets, uniq_natasha, uniq_ijyb,
          uniq_jessica
D:4:      layout_basic, minmay_temple_entry_stoned_glass,
          gammafunk_ghost_nasty_kobolds, dk_noncrumbling_2, st_stairs_9
D:5:      layout_cave_pools, gammafunk_ghost_grave
D:6:      layout_loops_ring, grunt_temple_overflow_diamond,
          ebering_ghost_sewer_f, minmay_hollow_rounded_squares
D:7:      layout_rooms, eat_drink_and_be_merry_uskayaw,
          nicolae_gozag_seed_capital, mainiacjoe_overflow_24_doors,
          old_standard_altar, nicolae_ossuary_entry_giza
D:8:      minmay_cornered_nines, layout_rooms, serial_shops, shop
D:9:      layout_basic, uniq_harold
D:10:     layout_roguey, old_standard_altar, orc_david_3,
          kennysheep_small_spiral, kennysheep_cluttered_room, fountainhead,
          hangedman_incinerator
D:11:     layout_stronghold, dpeg_oklobed_lair
D:12:     layout_basic, drop_trap, worms_lemuel
Temple:   compressed_dpeg_circular_temple
Lair:1:   cheibrodos_lair_river_kwai, layout_cave_pods, grunt_megastairs_1
Lair:2:   layout_hall_layers, elwin_shoals_entry_rooms, fungi_pond_lemuel,
          lemuel_fruit_fields, uniq_nergalle
Lair:3:   layout_regular_city, minmay_snake_entry_guardpost_medium,
          beast_lair_carwin_11
Lair:4:   layout_gridlike, slime_entry_1
Orc:1:    layout_diamond_mine, basic_altar, uniq_snorg
Orc:2:    grunt_orc_community_town_hall, layout_caves,
          grunt_orc_community_big_house_1, grunt_orc_community_big_house_1,
          grunt_orc_community_house_1, grunt_orc_community_house_3,
          grunt_orc_community_house_1, grunt_orc_community_house_3,
          minmay_shop_enchanted_jewellery, lightli_church_of_beogh, uniq_nessos

Skill      XL: |  1  2  3  4  5  6  7  8  9 10 11 12 13 14 |
---------------+-------------------------------------------+-----
Stealth        | 6 7 8 9 10 11 | 11.3
Invocations    | 1 2 3 4 5 6 7 8 9 10 | 10.5
Fighting       | 1 2 3 4 5 6 7 8 9 |  9.7
Short Blades   | 1 2 3 4 5 6 7 8 9 |  9.7
Long Blades    | 1 2 3 4 5 6 7 8 9 |  9.7
Axes           | 1 2 3 4 5 6 7 8 9 |  9.7
Maces & Flails | 1 2 3 4 5 6 7 8 9 |  9.7
Polearms       | 1 2 3 4 5 6 7 8 9 |  9.7
Staves         | 1 2 3 4 5 6 7 8 9 |  9.7
Ranged Weapons | 1 2 3 4 5 6 7 8 9 |  9.7
Throwing       | 1 2 3 4 5 6 7 8 9 |  9.7
Dodging        | 1 2 3 4 5 6 7 8 9 |  9.7
Shields        | 1 2 3 4 5 6 7 8 9 |  9.7
Unarmed Combat | 1 2 3 4 5 6 7 8 9 |  9.7
Spellcasting   | 3 4 5 6 7 8 9 10 | 10.1
Conjurations   | 1 2 3 4 5 6 7 8 |  8.1
Hexes          | 1 2 3 4 5 6 7 8 |  8.1
Summonings     | 1 2 3 4 5 6 7 8 |  8.1
Necromancy     | 1 2 3 4 5 6 7 8 |  8.1
Translocations | 1 2 3 4 5 6 7 8 |  8.1
Transmutations | 1 2 3 4 5 6 7 8 |  8.1
Ice Magic      | 1 2 3 4 5 6 7 8 |  8.1
Air Magic      | 1 2 3 4 5 6 7 8 |  8.1
Poison Magic   | 1 2 3 4 5 6 7 8 |  8.1
Armour         | 3 4 5 6 7 8 9 10 | 10.0
Fire Magic     | 4 5 6 7 8 9 |  9.0
Earth Magic    | 4 5 6 7 8 9 |  9.0
Evocations     | 3 4 5 6 7 8 9 10 | 10.0

Action                   |  1- 3 |  4- 6 |  7- 9 | 10-12 | 13-15 || total
-------------------------+-------+-------+-------+-------+-------++-------
Melee: Dagger            |    18 |    16 |     4 |       |       ||    38
       Bite              |     2 |     2 |     5 |     8 |    10 ||    27
       Hand axe          |       |       |     9 |       |       ||     9
       Whip              |       |       |     7 |       |       ||     7
       Staff             |       |       |     9 |    46 |    49 ||   104
       Punch             |       |       |       |     4 |     1 ||     5
 Cast: Foxfire           |    90 |   143 |   174 |       |     1 ||   408
       Sandblast         |       |       |    39 |   205 |     2 ||   246
       Stone Arrow       |       |       |    56 |   141 |   299 ||   496
       Summon Lightning  |       |       |       |    29 |    19 ||    48
       Animate Dead      |       |       |       |     7 |    11 ||    18
       Airstrike         |       |       |       |     1 |     9 ||    10
       Summon Forest     |       |       |       |       |     9 ||     9
Evoke: Wand              |       |     1 |     2 |       |     6 ||     9
  Use: Scroll            |       |     2 |     7 |    12 |    10 ||    31
       Potion            |       |       |       |     5 |     3 ||     8
 Stab: Sleeping          |       |     2 |     4 |       |       ||     6
       Distracted        |       |       |       |       |     1 ||     1
Armor: Robe              |     6 |     4 |    18 |    20 |       ||    48
       Steam dragon scal |       |       |       |    44 |    57 ||   101
Dodge: Dodged            |    10 |    18 |    63 |   140 |   121 ||   352
